 Dungeon Crawl Stone Soup version 0.25.1-8-g42b30a86e7 (webtiles) character file.

Game seed: 8530730771465823086

5664 pokeman the Thaumaturge (level 10, 0/54 HPs)
             Began as a Deep Elf Wizard on Dec 21, 2020.
             Was a Priest of Vehumet.
             Hit by a silver javelin thrown by a minotaur (4 damage)
             ... in a Gauntlet.
             The game lasted 00:34:59 (11748 turns).

pokeman the Thaumaturge (Deep Elf Wizard)          Turns: 11748, Time: 00:35:00

Health: 0/54       AC:  8    Str:  4    XL:     10   Next: 47%
Magic:  26/29      EV: 11    Int: 27    God:    Vehumet [***...]
Gold:   462        SH:  4    Dex:  9    Spells: 21/35 levels left

rFire    + . .     SeeInvis .   L - +8 long sword "Houvir" {flame, +Fly rElec rPois Dex-4}
rCold    . . .     Gourm    .   F - +0 buckler
rNeg     . . .     Faith    +   Q - +0 acid dragon scales
rPois    +         Spirit   .   k - +0 helmet
rElec    +         Reflect  .   E - scarf {+Inv}
rCorr    +         Harm     .   (no gloves)
MR       +....     NoTele   +   (no boots)
Stlth    ++........             D - amulet of faith
HPRegen  0.18/turn              v - ring of protection from fire
MPRegen  0.21/turn              B - ring of poison resistance

@: no status effects
A: no striking features
a: Renounce Religion, Evoke Invisibility, Evoke Flight


You were in a Gauntlet.
You worshipped Vehumet.
Vehumet was most pleased with you.
You were hungry.

You visited 2 branches of the dungeon, and saw 10 of its levels.
You also visited: Gauntlet.

You collected 462 gold pieces.

Inventory:

Hand Weapons
 L - the +8 long sword "Houvir" (weapon) {flame, +Fly rElec rPois Dex-4}
   (You found it on level 7 of the Dungeon)

   It has been specially enchanted to burn those struck by it, causing extra
   injury to most foes and up to half again as much damage against particularly
   susceptible opponents.
   Big, fiery blades are also staple armaments of hydra-hunters.
   It affects your dexterity (-4).
   It insulates you from electricity.
   It protects you from poison.
   It lets you fly.
 P - a +2 short sword of electrocution
Missiles
 u - 22 bolts
Armour
 k - a +0 helmet (worn)
 E - a scarf of invisibility (worn)
 F - a +0 buckler (worn)
 Q - +0 acid dragon scales (worn)
Jewellery
 j - an uncursed ring of protection from fire
 o - an uncursed ring of teleportation
 r - an uncursed amulet of guardian spirit
 v - a ring of protection from fire (left hand)
 y - an uncursed ring of flight
 B - a ring of poison resistance (right hand)
 D - an amulet of faith (around neck)
 R - an uncursed amulet of magic regeneration {unknown}
 S - the amulet "Ifeif" {+Inv rPois rF- Regen+, unknown}
   (You found it in a Gauntlet)

   [amulet of regeneration]

   It makes you vulnerable to fire.
   It protects you from poison.
   It lets you turn invisible.
   It increases your rate of regeneration.
Wands
 A - a wand of clouds (6)
 H - a wand of acid (10)
 N - a wand of iceblast (11)
Scrolls
 e - 10 scrolls of identify
 f - 2 scrolls of teleportation
 g - 3 scrolls of remove curse
 h - a scroll of magic mapping
 m - 3 scrolls of enchant armour {unknown}
 p - 3 scrolls of immolation {unknown}
 q - 2 scrolls of amnesia {unknown}
 s - 4 scrolls of fog {unknown}
 w - a scroll of noise {unknown}
 C - a scroll of enchant weapon {unknown}
 K - 2 scrolls of fear {unknown}
 M - 3 scrolls of random uselessness {unknown}
 O - a scroll of holy word {unknown}
Potions
 a - 2 potions of might
 b - 2 potions of heal wounds {unknown}
 c - 2 potions of haste {unknown}
 i - 3 potions of curing
 l - a potion of brilliance {unknown}
 n - a potion of flight {unknown}
 t - a potion of lignification {unknown}
 x - 2 potions of cancellation {unknown}
 G - a potion of mutation
 I - a potion of stabbing {unknown}
 J - a potion of ambrosia {unknown}
Miscellaneous
 z - a box of beasts
Comestibles
 d - 13 rations


   Skills:
 - Level 2.5 Fighting
 - Level 3.5 Armour
 - Level 3.2 Dodging
 - Level 3.0 Stealth
 + Level 3.0 Shields
 * Level 13.2 Spellcasting
 + Level 7.7 Conjurations
 - Level 1.1 Summonings
 - Level 1.1 Translocations
 + Level 6.9 Fire Magic
 - Level 1.0 Air Magic
 - Level 1.0 Poison Magic
 - Level 1.0 Evocations


You had 21 spell levels left.
You knew the following spells:

 Your Spells              Type           Power        Failure   Level  Hunger
a - Magic Dart            Conj           ####         1%          1    None
b - Mephitic Cloud        Conj/Pois/Air  #####...     1%          3    None
c - Call Imp              Summ           ###.....     8%          2    None
d - Blink                 Tloc           N/A          8%          2    None
e - Conjure Flame         Conj/Fire      ######..     1%          3    None
f - Shock                 Conj/Air       ####         1%          1    None
g - Apportation           Tloc           ###...       5%          1    None
h - Summon Butterflies    Summ           ###.....     5%          1    None

Your spell library contained the following spells:

 Spells                   Type           Power        Failure   Level  Hunger
 Hailstorm                Conj/Ice       #####...     4%          4    None
 Dazzling Flash           Conj/Hex       #####.       1%          3    None
 Summon Small Mammal      Summ           ###.         5%          1    None
 Animate Skeleton         Necr           N/A          9%          1    None
 Corona                   Hex            ###....      9%          1    None
 Ensorcelled Hibernation  Hex/Ice        ###...       12%         2    None
 Slow                     Hex            ###.....     12%         2    None
 Lesser Beckoning         Tloc           ###.......   16%         3    None
 Confusing Touch          Hex            ###.....     24%         3    None
 Tukima's Dance           Hex            ###.....     24%         3    None
 Alistair's Intoxication  Tmut/Pois      ###.....     88%         5    ##.....
 Invisibility             Hex            ###.....     100%        6    ####...


Dungeon Overview and Level Annotations

Branches:
Dungeon (11/15)            Temple (1/1) D:4            Lair (0/6) D:8
Gauntlet (1/1)
    Orc: D:9-12

Altars:
Ashenzari
Cheibriados
Dithmenos
Elyvilon
Fedhas
Gozag
Hepliaklqana
Kikubaaqudgha
Makhleb
Nemelex Xobeh
Okawaru
Qazlal
Ru
Sif Muna
Trog
Uskayaw
Vehumet
Wu Jian
Xom
Zin
The Shining One

Annotations:
D:5 3 runed translucent doors, BroShek's ghost, novice DsGl; Morgon's ghost, amateur MfMo; Sweeb's ghost, novice FoFi; krpopo's ghost, novice GrFi; pokeman's ghost, novice DEWz
D:6 3 runed translucent doors, Demnio's ghost, novice HuFi; KrombopulosMichael's ghost, amateur GrAK; rozman's ghost, novice KoSk Gauntlet 6 transporters, 1 runed translucent door


Message History

You swap places.
There is a transporter here.
You enter the transporter and appear at another place.
You start resting.
Magic restored.
You start resting.
A minotaur comes into view.
It is wielding a +0 demon blade of draining, wearing a +3 scale mail of fire resistance and quivering 15 silver javelins.
Casting: Summon Butterflies (safe; 5% risk of failure)
Confirm with . or Enter, or press ? or * to list all spells.
Aiming: Mephitic Cloud (safe; 1% risk of failure)
Press: ? - help, Shift-Dir - straight line The ball explodes into a vile cloud!
The stinking cloud engulfs the minotaur but does no damage.
Your butterfly is engulfed in noxious fumes.
Your butterfly appears confused.
You kill your butterfly!
The minotaur is engulfed in noxious fumes.
The minotaur throws a silver javelin.
The silver javelin pierces through you!
* * * LOW HITPOINT WARNING * * *
You die...

#≈≈.#[#b.#..#.#..#....#.≈≈#
##≈.#h##©##!#.#*.!©...#.≈##
##.#########.#########.##
#≈.....................≈#
#≈≈≈#≈≈≈#..∩.⌠.∩..#≈≈≈#≈≈≈#
##≈###≈###.......###≈###≈##
## ################# ##
...............
.⌠.⌠.©.@.bb⌠.⌠.
...b..○§.b.....
##.###§###.#### #H # .. .##
. .


You could see a minotaur and a wretched star.

Vanquished Creatures
  3 death yaks (D:8)
  Maggie (D:7)
  2 hornets (Gauntlet)
  A hippogriff (D:7)
  Edmund (D:6)
  A porcupine (D:8)
  Duvessa (D:5)
  3 orc warriors
  3 sky beasts
  A phantom (D:4)
  5 ogres
  A big kobold (D:8)
  4 bullfrogs
  Dowan (D:5)
  2 scorpions
  4 wights (D:6)
  A howler monkey (D:4)
  2 jellies
  A hound (D:8)
  A centaur skeleton (D:4)
  A bullfrog skeleton (D:6)
  4 orc priests
  8 orc wizards
  4 iguanas
  4 worker ants
  2 hell rats (D:8)
  4 hound skeletons
  7 adders
  A river rat (D:8)
  4 ufetubi (Gauntlet)
  A worm (D:1)
  3 leopard geckos
  24 orcs
  3 bats
  6 giant cockroaches
  5 goblins
  6 hobgoblins
  9 jackals
  17 kobolds
  3 quokkas
  A ball python (D:2)
  A ball python skeleton (D:4)
  6 frilled lizards
  A leopard gecko skeleton (D:4)
  4 rats
168 creatures vanquished.

Vanquished Creatures (collateral kills)
  Terence (D:1)
  4 oozes (D:1)
  A worm (D:1)
  A leopard gecko (D:8)
  3 orcs (D:4)
  4 giant cockroaches (D:1)
  4 jackals (D:1)
  5 rats
23 creatures vanquished.

Vanquished Creatures (others)
  4 demonic plants (Gauntlet)
  3 withered plants (D:6)
7 creatures vanquished.

Grand Total: 198 creatures vanquished

Notes
Turn   | Place    | Note
-------+----------+-------------------------------------------
     0 | D:1      | pokeman the Deep Elf Wizard began the quest for the Orb.
     0 | D:1      | Reached XP level 1. HP: 10/10 MP: 7/7
     1 | D:1      | Found a runed translucent door.
   482 | D:1      | Reached XP level 2. HP: 16/16 MP: 7/9
  1573 | D:2      | Reached skill level 5 in Spellcasting
  1590 | D:2      | Found a faded altar of an unknown god.
  1665 | D:2      | Reached XP level 3. HP: 20/20 MP: 5/11
  1670 | D:2      | Learned a level 3 spell: Mephitic Cloud
  1673 | D:2      | Learned a level 2 spell: Call Imp
  1676 | D:2      | Learned a level 2 spell: Blink
  1680 | D:2      | Learned a level 3 spell: Conjure Flame
  1830 | D:2      | Noticed Terence
  1834 | D:2      | Noticed a bullfrog
  2126 | D:1      | Reached skill level 1 in Fighting
  2138 | D:1      | Reached skill level 1 in Armour
  2330 | D:1      | Killed Terence
  2330 | D:1      | Reached XP level 4. HP: 19/25 MP: 4/13
  2733 | D:2      | Killed a bullfrog
  2733 | D:2      | Reached skill level 6 in Spellcasting
  2733 | D:2      | Reached XP level 5. HP: 24/29 MP: 5/15
  4121 | D:4      | Reached skill level 1 in Fire Magic
  4166 | D:4      | Noticed an ogre
  4172 | D:4      | Killed an ogre
  4172 | D:4      | Reached XP level 6. HP: 34/34 MP: 2/17
  4284 | D:4      | Reached skill level 7 in Spellcasting
  4310 | D:4      | Found a staircase to the Ecumenical Temple.
  4315 | Temple   | Entered the Ecumenical Temple
  4519 | Temple   | Became a worshipper of Vehumet
  4565 | D:4      | Reached skill level 1 in Evocations
  4585 | D:4      | Reached skill level 1 in Air Magic
  5001 | D:4      | Reached skill level 1 in Poison Magic
  5330 | D:4      | Reached XP level 7. HP: 38/38 MP: 14/20
  6070 | D:5      | Entered Level 5 of the Dungeon
  6117 | D:5      | Reached skill level 8 in Spellcasting
  6174 | D:5      | Found a runed translucent gate.
  6175 | D:5      | Found a runed translucent gate.
  6176 | D:5      | Found a runed translucent gate.
  6177 | D:5      | Noticed krpopo's ghost (novice GrFi)
  6177 | D:5      | Noticed Sweeb's ghost (novice FoFi)
  6178 | D:5      | Noticed BroShek's ghost (novice DsGl)
  6178 | D:5      | Noticed Morgon's ghost (amateur MfMo)
  6178 | D:5      | Noticed pokeman's ghost (novice DEWz)
  6227 | D:5      | Noticed Duvessa
  6227 | D:5      | Noticed Dowan
  6245 | D:5      | Killed Dowan
  6263 | D:5      | Killed Duvessa
  6535 | D:5      | Reached * piety under Vehumet
  6535 | D:5      | Offered knowledge of Shock by Vehumet.
  6538 | D:5      | Learned a level 1 spell: Shock
  6634 | D:5      | You fall into a shaft and drop 2 floors!
  6690 | D:7      | Reached XP level 8. HP: 45/45 MP: 9/22
  6707 | D:7      | Reached skill level 9 in Spellcasting
  7202 | D:7      | Reached skill level 1 in Shields
  7202 | D:7      | Reached skill level 5 in Conjurations
  7260 | D:6      | Noticed Edmund
  7282 | D:6      | Killed Edmund
  7282 | D:6      | Reached skill level 10 in Spellcasting
  7674 | D:6      | Found a runed translucent gate.
  7674 | D:6      | Found a runed translucent gate.
  7676 | D:6      | Found a runed translucent gate.
  7677 | D:6      | Noticed KrombopulosMichael's ghost (amateur GrAK)
  7677 | D:6      | Noticed rozman's ghost (novice KoSk)
  7677 | D:6      | Noticed Demnio's ghost (novice HuFi)
  7872 | D:6      | Reached XP level 9. HP: 33/49 MP: 14/25
  8247 | D:5      | Offered knowledge of Freeze by Vehumet.
  8250 | D:5      | Reached ** piety under Vehumet
  9113 | D:7      | Got a slimy long sword
  9114 | D:7      | Identified the +8 long sword "Houvir" {flame, +Fly rElec
                  | rPois Dex-4} (You found it on level 7 of the Dungeon)
  9140 | D:7      | Reached skill level 11 in Spellcasting
  9140 | D:7      | Reached skill level 5 in Fire Magic
  9236 | D:7      | Learned a level 1 spell: Apportation
  9238 | D:7      | Learned a level 1 spell: Summon Butterflies
  9737 | D:7      | Noticed Maggie
  9773 | D:7      | Killed Maggie
 10360 | D:8      | Noticed a death yak
 10371 | D:8      | Noticed a death yak
 10373 | D:8      | Noticed a death yak
 10631 | D:8      | Offered knowledge of Static Discharge by Vehumet.
 10794 | D:8      | Noticed a two-headed ogre
 11114 | D:8      | Killed a death yak
 11114 | D:8      | Reached *** piety under Vehumet
 11114 | D:8      | Reached skill level 12 in Spellcasting
 11114 | D:8      | Reached XP level 10. HP: 26/54 MP: 15/28
 11134 | D:8      | Killed a death yak
 11134 | D:8      | Killed a death yak
 11286 | D:8      | Reached skill level 13 in Spellcasting
 11386 | D:8      | Found a staircase to the Lair.
 11398 | D:8      | You fall into a shaft and drop 3 floors!
 11421 | D:11     | Offered knowledge of Hailstorm by Vehumet.
 11446 | D:11     | Found a gate leading to a gauntlet.
 11455 | Gauntlet | Entered a Gauntlet
 11455 | Gauntlet | Found a transporter.
 11455 | Gauntlet | Found a transporter.
 11498 | Gauntlet | Noticed a sixfirhy
 11507 | Gauntlet | Found a transporter.
 11507 | Gauntlet | Found a transporter.
 11511 | Gauntlet | Found a transporter.
 11511 | Gauntlet | Found a transporter.
 11540 | Gauntlet | Noticed a smoke demon
 11551 | Gauntlet | Found a transporter.
 11551 | Gauntlet | Found a transporter.
 11556 | Gauntlet | Found a runed translucent door.
 11561 | Gauntlet | Noticed a wretched star
 11563 | Gauntlet | Found a transporter.
 11579 | Gauntlet | Found a transporter.
 11581 | Gauntlet | Noticed a hell hog
 11596 | Gauntlet | Found a transporter.
 11597 | Gauntlet | Found a transporter.
 11736 | Gauntlet | Got a crude jade amulet
 11747 | Gauntlet | Noticed a minotaur
 11748 | Gauntlet | Hit by a silver javelin thrown by a minotaur

Illustrated notes

Levels and vault maps discovered:
D:1:      dpeg_arrival_caged_fury, layout_basic, corexii_leaking_fountain,
          serial_bayou_lagoon_a, lemuel_flame_loot_1
D:2:      layout_rooms, first_ration, chequers_ecumenical_altar_simple_redux,
          uniq_terence
D:3:      layout_basic
D:4:      minmay_razor_zed, layout_loops_ring, minmay_temple_entry_offerings
D:5:      layout_gridville, gammafunk_ghost_cemetery, uniq_duvessa
D:6:      layout_loops_corners, gammafunk_ghost_cemetery, uniq_edmund
D:7:      layout_gridville, uniq_maggie
D:8:      layout_basic, dpeg_lair_monsters
D:11:     layout_stronghold, gauntlet_entry_generic, grunt_tengu_nest
Temple:   kilobyte_greek_temple
Gauntlet: minmay_gauntlet_77_indecision [minmay_gauntlet_arena_77_museum,
          minmay_gauntlet_arena_77_terracotta_army,
          minmay_gauntlet_arena_77_path, minmay_gauntlet_arena_77_block_sizes,
          minmay_gauntlet_arena_77_double_cross,
          minmay_gauntlet_arena_77_tiled_triplets, gauntlet_exit_watery]

Skill      XL: |  1  2  3  4  5  6  7  8  9 10 |
---------------+-------------------------------+-----
Spellcasting   | 5 6 7 8 10 12 13 | 13.2
Fighting       | 1 2 |  2.5
Armour         | 1 3 |  3.5
Conjurations   | 2 3 4 5 7 |  7.7
Dodging        | 3 |  3.2
Stealth        | 3 |  3.0
Fire Magic     | 1 2 4 6 |  6.9
Evocations     | 1 |  1.0
Air Magic      | 1 |  1.0
Poison Magic   | 1 |  1.0
Shields        | 2 3 |  3.0
Summonings     | |  1.1
Translocations | |  1.1

Action                   |  1- 3 |  4- 6 |  7- 9 | 10-12 || total
-------------------------+-------+-------+-------+-------++-------
Melee: Unarmed           |    26 |    63 |       |       ||    89
       Falchion          |       |     2 |     9 |       ||    11
       Mace              |       |       |     8 |       ||     8
       Dagger            |       |       |    17 |       ||    17
       Long sword        |       |       |    21 |     4 ||    25
 Cast: Magic Dart        |    85 |   149 |   102 |     5 ||   341
       Call Imp          |     9 |     5 |     6 |     1 ||    21
       Mephitic Cloud    |     1 |     2 |    29 |     8 ||    40
       Conjure Flame     |       |     1 |    33 |     3 ||    37
       Shock             |       |       |   103 |    26 ||   129
       Apportation       |       |       |     5 |       ||     5
       Blink             |       |       |     3 |       ||     3
       Summon Butterflie |       |       |       |     1 ||     1
  Use: Scroll            |       |       |     4 |     1 ||     5
 Stab: Confused          |       |     1 |     4 |       ||     5
  Eat: Chunk             |     4 |     6 |    12 |       ||    22
       Ration            |       |     1 |     2 |       ||     3
Armor: Robe              |    20 |    12 |       |       ||    32
       Leather armour    |       |    43 |     8 |       ||    51
       Acid dragon scale |       |       |     4 |    18 ||    22
Dodge: Dodged            |    50 |   101 |    65 |    26 ||   242
       Rpst.: Falchion   |       |       |     4 |       ||     4
       Long sword        |       |       |     7 |     9 ||    16
